 Dungeon Crawl Stone Soup version 0.17-a0-2002-g92c7e20 (webtiles) character file.

575 4thArraOfDagon the Firebug (level 7, 0/41 HPs)
             Began as a High Elf Fire Elementalist on Oct 8, 2015.
             Was a Follower of Vehumet.
             Slain by an orc warrior
             ... wielding a +0 hand axe
              (17 damage)
             ... in a bailey.
             The game lasted 00:09:58 (1881 turns).

4thArraOfDagon the Firebug (HEFE)                   Turns: 1881, Time: 00:09:58

Health: 0/41       AC:  5    Str:  7      XL:     7   Next: 12%
Magic:  5/14       EV: 12    Int: 20      God:    Vehumet [*.....]
Gold:   138        SH:  0    Dex: 14 (17) Spells: 4 memorised, 1 level left

rFire  . . .     SeeInvis .     p - +7 hand axe of Imesh {vamp, +Fly}
rCold  . . .     Clarity  .     r - +0 troll leather armour
rNeg   . . .     SustAt   .     (no shield)
rPois  .         Gourm    .     (no helmet)
rElec  .         Spirit   .     (no cloak)
rCorr  .         Warding  .     n - +0 pair of gloves
rMut   .         Stasis   .     (no boots)
MR     .....                    (no amulet)
Stlth  ++........               (no ring)
                                (no ring)

@: not resistant to hostile enchantments, unstealthy
A: no striking features
a: Renounce Religion, Evoke Flight


You were in a bailey.
You worshipped Vehumet.
Vehumet was aware of your devotion.
You were not hungry.

You visited 2 branches of the dungeon, and saw 8 of its levels.
You also visited: Ossuary and Bailey.

You collected 396 gold pieces.
You spent 258 gold pieces at shops.

Inventory:

Hand Weapons
 d - a +0 whip
 p - the +7 hand axe of Imesh (weapon) {vamp, +Fly}
   (You found it on level 7 of the Dungeon)

   It inflicts no extra harm, but heals its wielder somewhat when it strikes a
   living foe.
   It lets you fly.
Armour
 n - a +0 pair of gloves (worn)
 r - a +0 troll leather armour (worn)
Scrolls
 a - a scroll of fear
 c - a scroll of enchant weapon {unknown}
 e - a scroll of recharging
 g - 2 scrolls of remove curse
 l - a scroll of noise
Potions
 f - 2 potions of haste {unknown}
 h - a potion of degeneration {unknown}
 j - 5 potions of curing
 k - a potion of might {unknown}
 m - 2 potions of resistance {unknown}
 o - a potion of poison {unknown}
Books
 b - a book of Flames

   Spells                             Type                      Level
   a - Flame Tongue                   Conjuration/Fire             1
   b - Throw Flame                    Conjuration/Fire             2
   c - Conjure Flame                  Conjuration/Fire             3
   d - Inner Flame                    Hexes/Fire                   3
   e - Sticky Flame                   Conjuration/Fire             4
   f - Fireball                       Conjuration/Fire             5
Comestibles
 i - 2 meat rations
 q - 2 chunks of flesh


   Skills:
 - Level 2.1 Dodging
 - Level 2.1 Stealth
 + Level 4.2 Spellcasting
 * Level 5.4 Conjurations
 * Level 5.6 Fire Magic


You had one spell level left.
You knew the following spells:

 Your Spells              Type           Power        Failure   Level  Hunger
a - Flame Tongue          Conj/Fire      ####.        1%          1    None
b - Conjure Flame         Conj/Fire      ####....     8%          3    ###....
c - Sticky Flame          Conj/Fire      ####....     21%         4    ####...
d - Fireball              Conj/Fire      ####......   58%         5    ######.


Dungeon Overview and Level Annotations

Branches:
Dungeon (7/15)             Temple (1/1) D:6

Altars:
Dithmenos
Fedhas
Gozag
Kikubaaqudgha
Makhleb
Nemelex Xobeh
Okawaru
Qazlal
Ru
Sif Muna
Trog
Vehumet
Xom
Yredelemnul
Zin

Shops:
D:6 *

Annotations:
D:4 Natasha
D:5 4thArraOfDagon's ghost, amateur VSTm


Message History

The orc warrior burns!
The orc warrior hits you but does no damage.
Unknown command.
The orc warrior burns!
You barely miss the orc warrior.
The orc warrior is moderately wounded.
The orc warrior burns!
The orc warrior barely misses you.
You hit the orc warrior.
The orc warrior is heavily wounded.
The orc warrior burns! x2
The orc warrior hits you with a hand axe!!
You hit the orc warrior but do no damage.
The orc warrior is severely wounded.
The orc warrior burns!
The orc warrior stops burning.
The orc warrior hits you with a hand axe.
You barely miss the orc warrior.
The orc warrior is almost dead.
The orc warrior hits you with a hand axe.
The orc warrior hits you with a hand axe!
You die... g

.. .. ## ♣♣♣♣♣
#'#.### ♣♣♣♣.♣.♣
###.....###♣.♣....♣
#.........##.@....♣♣♣
...........#o.......♣
...........'........♣
.....⌠.....'.)∩.∩...♣
..........)'.......♣♣
...........#....)...♣
#.........##.......♣♣
###.....###♣♣♣....♣♣
#'#.### ♣...♣♣


You could see an orc warrior.

Vanquished Creatures
  An orc warrior (Bailey)
  A giant frog (D:6)
  A scorpion (D:6)
  2 quasits
  2 giant frog zombies
  2 worker ants (D:6)
  9 mummies
  A gnoll (Bailey)
  2 adders (D:3)
  A shadow imp (D:7)
  2 giant geckos
  An orc (D:3)
  2 giant cockroaches
  2 goblins
  A hobgoblin (D:2)
  3 jackals (D:3)
  2 quokkas (D:7)
  2 bats (D:3)
  A giant cockroach zombie (D:5)
  3 giant newts (D:3)
  2 hobgoblin zombies (Ossuary)
  3 kobolds
  A kobold zombie (Ossuary)
  5 orc zombies (Ossuary)
  2 rats
54 creatures vanquished.

Vanquished Creatures (others)
  A worker ant (D:6)
1 creature vanquished.

Grand Total: 55 creatures vanquished

Notes
Turn   | Place    | Note
--------------------------------------------------------------
     0 | D:1      | 4thArraOfDagon the High Elf Fire Elementalist began the quest for the Orb.
     0 | D:1      | Reached XP level 1. HP: 11/11 MP: 4/4
   234 | D:3      | Reached XP level 2. HP: 9/17 MP: 1/6
   318 | D:3      | Found a faded altar to an unknown god.
   344 | D:3      | Reached XP level 3. HP: 16/21 MP: 4/8
   349 | D:3      | Learned a level 3 spell: Conjure Flame
   561 | D:4      | Noticed Natasha
   601 | D:4      | Noticed an ogre
   625 | D:5      | Entered Level 5 of the Dungeon
   838 | D:6      | Reached skill level 4 in Fire Magic
   838 | D:6      | Reached XP level 4. HP: 14/27 MP: 2/9
   870 | D:6      | Noticed a scorpion
   962 | D:6      | Killed a scorpion
   962 | D:6      | Reached XP level 5. HP: 28/31 MP: 4/10
  1002 | D:6      | Found a staircase to the Ecumenical Temple.
  1008 | Temple   | Entered the Ecumenical Temple
  1032 | Temple   | Learned a level 4 spell: Sticky Flame
  1047 | Temple   | Became a worshipper of Vehumet
  1152 | D:6      | Found a sand-covered staircase.
  1162 | Ossuary  | Entered an ossuary
  1400 | Ossuary  | Reached XP level 6. HP: 22/36 MP: 3/12
  1579 | D:6      | Noticed a giant frog
  1584 | D:6      | Killed a giant frog
  1584 | D:6      | Reached skill level 5 in Fire Magic
  1617 | D:5      | Noticed 4thArraOfDagon's ghost (amateur VSTm)
  1632 | D:6      | Found Qyplesiym's General Store.
  1635 | D:6      | Bought a +0 troll leather armour for 180 gold pieces
  1646 | D:6      | Bought a potion of curing for 36 gold pieces
  1646 | D:6      | Bought a scroll of fear for 42 gold pieces
  1731 | D:7      | Reached skill level 5 in Conjurations
  1767 | D:7      | Found a flagged portal.
  1775 | D:7      | Got a jewelled hand axe
  1779 | D:7      | Identified the +7 hand axe of Imesh {vamp, +Fly} (You found it on level 7 of the Dungeon)
  1812 | D:7      | Learned a level 5 spell: Fireball
  1813 | Bailey   | Entered a bailey
  1851 | Bailey   | Acquired Vehumet's first power
  1851 | Bailey   | Offered knowledge of Magic Dart by Vehumet.
  1863 | Bailey   | Reached XP level 7. HP: 41/41 MP: 6/14
  1881 | Bailey   | Slain by an orc warrior

Vault maps used:
D:1:      minmay_arrival_doors, supply_closet_lemuel,
          hangedman_decor_diamond_cutter, minmay_misc_feat_diagonals,
          minmay_door_square, serial_bayou_pond_a
D:2:      first_bread, uniq_iyjb
D:3:      ecumenical_altar_2, hangedman_abyss_or_decor_lesser_grid
D:4:      uniq_natasha
D:5:      okawaru_gym_becter
D:6:      minmay_temple_entry_nine_rooms, gup_ossuary_entry_pyramid,
          serial_shops, nicolae_shop_behind_doors
D:7:      enter_bailey_2, the_bakery, trog_hazing_becter,
          uniq_crazy_yiuf_cottage
Temple:   kilobyte_greek_temple_18
Ossuary:  ossuary_tomb_3
Bailey:   bailey_axe_minmay_hex_keep, bailey

Action                   |  1- 3 |  4- 6 |  7- 9 || total
-------------------------+-------+-------+-------++-------
Melee: Whip              |    19 |    34 |       ||    53
       Hand axe          |       |    10 |     4 ||    14
 Cast: Flame Tongue      |    40 |    37 |       ||    77
       Conjure Flame     |       |     4 |       ||     4
       Sticky Flame      |       |     9 |     1 ||    10
  Use: Scroll            |     7 |     2 |       ||     9
       Potion            |     1 |       |       ||     1
 Stab: Sleeping          |     1 |       |       ||     1
  Eat: Bread ration      |       |     2 |       ||     2
       Chunk             |       |     2 |       ||     2
